 Dungeon Crawl Stone Soup version 0.31-a0-703-gcfe89afef6 (webtiles) character file.

Game seed: 1846658311388147258

11627 avis the Nimble (level 11, -2/63 HPs)
             Began as a Felid Shapeshifter on Sept 8, 2023.
             Was an Initiate of Gozag.
             Slain by a yak (12 damage)
             ... on level 1 of the Lair of Beasts on Sept 9, 2023.
             The game lasted 01:10:58 (12609 turns).

avis the Nimble (Felid Shapeshifter)               Turns: 12609, Time: 01:10:59

Health: -2/63      AC: 10    Str: 18    XL:     11   Next: 51%
Magic:  12/12      EV: 18    Int: 18    God:    Gozag
Gold:   1054       SH:  0    Dex: 20    Spells: 10/10 levels left
                                        Lives:  0   Deaths: 4

rFire   . .          .
                       - Unarmed
rCold   . . .        (shield unavailable)
rNeg    . . .        (body armour unavailable)
rPois   .            (helmet unavailable)
rElec   .            (cloak unavailable)
rCorr   .            (gloves unavailable)
SInv    +            (boots unavailable)
Will    ++...        G - amulet of the acrobat
Stlth   +++          y - ring of willpower
HPRegen 0.30/turn    q - ring of Woqabet {Str+3 Int+6}
MPRegen 0.13/turn

%: acrobat
@: snake-form
A: constrict, boosted hp, large, (claws 1), (fangs 3), see invisible, (speed 1),
(shaggy fur 2), (stealthy paws), no weapons or thrown items, no armour,
multi-lived
a: Begin Untransformation, Renounce Religion, Potion Petition, Call Merchant,
Bribe Branch


You were on level 1 of the Lair of Beasts.
You worshipped Gozag.
Gozag was most pleased with you.
You were an enormous anaconda.
You visited 3 branches of the dungeon, and saw 12 of its levels.

You collected 1245 gold pieces.
You spent 90 gold pieces at shops.
You paid 101 gold pieces to Gozag.

Inventory:

Jewellery
 g - an amulet of guardian spirit
 q - the ring of Woqabet (right hand) {Str+3 Int+6}
   (You found it on level 3 of the Dungeon)

   [ring of intelligence]

   Str+3:     It affects your strength (+3).
   Int+6:     It affects your intelligence (+6).
 u - a ring of protection from cold
 y - a ring of willpower (left hand)
 G - an amulet of the acrobat (around neck)
Talismans
 b - a beast talisman
 f - a flux talisman
 s - a serpent talisman (active)
Wands
 i - a wand of iceblast (7)
Scrolls
 c - 5 scrolls of teleportation {unknown}
 d - a scroll of poison {unknown}
 j - 3 scrolls of amnesia {unknown}
 k - 2 scrolls of enchant armour {unknown}
 l - a scroll of blinking {unknown}
 n - 2 scrolls of revelation
 A - a scroll of fear {unknown}
 C - a scroll of enchant weapon {unknown}
 E - 3 scrolls of noise {unknown}
Potions
 a - 4 potions of lignification
 e - 3 potions of resistance
 h - 2 potions of curing
 r - 3 potions of haste
 t - 2 potions of invisibility
 x - 2 potions of enlightenment
 z - 3 potions of brilliance
 B - a potion of mutation {unknown}
 D - a potion of ambrosia {unknown}
 F - 2 potions of attraction {unknown}
 H - a potion of magic {unknown}


   Skills:
 * Level 9.6 Fighting
 - Level 12.0 Dodging
 - Level 5.0 Stealth
 - Level 6.0 Unarmed Combat
 - Level 12.0 Shapeshifting


You had 10 spell levels left.
You didn't know any spells.
Your spell library contained the following spells:

 Spells                   Type           Power      Damage    Failure   Level
 Lesser Beckoning         Tloc           0%         N/A       32%         2
 Searing Ray              Conj           0%         2d4       32%         2
 Gell's Gravitas          Tloc           0%         N/A       54%         3
 Teleport Other           Tloc           0%         N/A       54%         3
 Iskenderun's Battlesphe  Conj           0%         2d6       99%         5
 Leda's Unmaking          Conj/Erth      0%         9d1       100%        6
 Malign Gateway           Summ/Tloc      0%         N/A       100%        7
 Orb of Destruction       Conj           0%         9d5       100%        7
 Spellforged Servitor     Conj/Summ      0%         N/A       100%        7
 Summon Horrible Things   Summ           0%         N/A       100%        8


Dungeon Overview and Level Annotations

Branches:
Dungeon (9/15)             Temple (1/1) D:7            Lair (2/5) D:9
  Swamp: Lair:2-3    Shoals: Lair:2-3     Snake: Lair:2-3    Spider: Lair:2-3
    Orc: D:9-12

Altars:
Ashenzari
Cheibriados
Fedhas
Gozag
Hepliaklqana
Kikubaaqudgha
Makhleb
Nemelex Xobeh
Okawaru
Ru
Sif Muna
Trog
Uskayaw
Vehumet
Wu Jian
Xom
Yredelemnul
Zin
The Shining One

Shops:
D:5 (

Annotations:
D:3 Grinder
D:4 3 runed translucent doors, GoodGuyCap's ghost, amateur OpSh


Innate Abilities, Weirdness & Mutations

You are an enormous anaconda.
You have a powerful constriction melee attack.
Your maximum health is increased.
((You have sharp claws.))
((You have razor-sharp teeth.))
You have supernaturally acute eyesight. (SInv)
((You cover ground quickly. (Speed+)))
((You are covered in thick fur. (AC +2)))
((Your paws help you pounce on unaware monsters.))
You are incapable of wielding weapons or throwing items.
You cannot wear armour.
You gain extra lives every three experience levels.


Message History

You start resting.
HP restored.
You climb downwards.
The cane toad stings you! The yak gores you.
The cane toad completely misses you. The yak closely misses you.
There is a stone staircase leading up, spattered with blood here.
The cane toad stings you! The yak barely misses you.
You climb upwards.
There is a stone staircase leading down here.
You lash the cane toad! Your grab misses the cane toad.
The cane toad is moderately wounded.
The cane toad misses you. The yak closely misses you.
The cane toad barely misses you.
You lash the cane toad! You grab the cane toad.
The cane toad is heavily wounded.
You constrict the cane toad, but do no damage.
The cane toad stings you.
You are poisoned.
The cane toad poisons you!
You hit the cane toad.
The cane toad is severely wounded.
You constrict the cane toad, but do no damage.
You feel very sick. The yak misses you. The cane toad barely misses you.
You hit the cane toad.
The cane toad is severely wounded.
You constrict the cane toad.
You feel very sick. The yak barely misses you. The cane toad stings you!
* * * LOW HITPOINT WARNING * * *
You hit the cane toad.
The cane toad is almost dead.
You constrict the cane toad.
* * * LOW HITPOINT WARNING * * *
You feel very sick. The yak gores you!
* * * LOW HITPOINT WARNING * * *
The cane toad misses you.
You feel better.
You constrict the cane toad. The yak gores you!
You die...
Your body crumbles into a pile of gold.

##.#.### #..#.#.#.#.#.#.#
##.##..## #.............##
...###..####..#.#.#.#.#.##
....###.##.............##
.#### #...#............#
..# ##......<........# .##
##P.............### .##
##...............#
..###.#.........S....#
.#.............Y.F..##
...................##
.................#.#
...................##
..............#.....###
.............#.##.....#
#............######..##
##...........# #....####


You could see a yak and a cane toad.

Vanquished Creatures
  A two-headed ogre (D:9)
  A black mamba (Lair:1)
  5 cane toads
  Maggie (D:8)
  A rime drake (Lair:1)
  A komodo dragon (D:9)
  A polar bear (Lair:1)
  A troll (D:9)
  10 blink frogs (Lair:1)
  A wyvern (D:9)
  18 yaks
  A wraith (D:9)
  Menkaure (D:5)
  2 water moccasins
  A sky beast (D:8)
  A black bear (D:5)
  3 wolves (D:9)
  3 ogres
  2 centaurs
  A phantom (D:6)
  4 kobold brigands
  7 bullfrogs
  A scorpion (D:6)
  3 killer bees (D:8)
  3 electric eels (D:9)
  9 hounds
  2 orc priests
  3 jellies
  A gnoll bouda (D:5)
  Ijyb (D:5)
  An iguana (D:5)
  4 orc wizards
  9 gnolls
  8 river rats (D:5)
  9 adders
  2 shadow imps
  5 white imps
  An ufetubus (D:5)
  2 worms
  3 dart slugs
  16 orcs
  13 endoplasms
  3 giant cockroaches
  10 goblins
  6 hobgoblins
  10 jackals
  8 quokkas
  6 ball pythons
  3 bats
  3 frilled lizards
  25 kobolds
  24 rats
261 creatures vanquished.

Notes
Turn   | Place    | Note
-------+----------+-------------------------------------------
     0 | D:1      | avis the Felid Shapeshifter began the quest for the Orb.
     0 | D:1      | Reached XP level 1. HP: 9/9 MP: 2/2
   267 | D:1      | Reached XP level 2. HP: 13/13 MP: 3/3
   505 | D:1      | Reached skill level 1 in Stealth
   559 | D:1      | Reached XP level 3. HP: 15/16 MP: 4/4
  1078 | D:2      | Reached XP level 4. HP: 19/19 MP: 5/5
  1444 | D:2      | Reached skill level 5 in Shapeshifting
  1786 | D:3      | Identified the ring of Woqabet {Str+3 Int+6}
  1945 | D:3      | Noticed Grinder
  2146 | D:3      | Got Kysalas's Handbook of Power
  2735 | D:4      | Reached XP level 5. HP: 22/22 MP: 6/6
  3015 | D:4      | Found a runed translucent gate.
  3015 | D:4      | Found a runed translucent gate.
  3015 | D:4      | Found a runed translucent gate.
  3016 | D:4      | Found an opulent altar of Gozag.
  3017 | D:4      | Noticed GoodGuyCap's ghost (amateur OpSh)
  3359 | D:4      | Noticed an ogre
  3465 | D:4      | Killed an ogre
  3584 | D:5      | Entered Level 5 of the Dungeon
  3599 | D:4      | Slain by an orc
  3947 | D:5      | Reached skill level 5 in Dodging
  3947 | D:5      | Gained mutation: You are covered in thick fur. (AC +2)
                  | [Felid growth]
  3947 | D:5      | Reached XP level 6. HP: 28/28 MP: 7/7
  3976 | D:5      | Noticed Menkaure
  4093 | D:5      | Killed Menkaure
  4094 | D:5      | Reached XP level 7. HP: 18/33 MP: 8/8
  4187 | D:5      | Found Joasilun's Weapon Boutique.
  4271 | D:5      | Reached skill level 5 in Fighting
  4987 | D:5      | Found Zin's Purification Station.
  4990 | D:5      | Found a glowing silver altar of Zin.
  4995 | D:5      | Bought a potion of curing for 90 gold pieces
  5020 | D:5      | Noticed Ijyb
  5033 | D:5      | Killed Ijyb
  5301 | D:6      | Reached XP level 8. HP: 37/37 MP: 9/9
  6298 | D:6      | Reached skill level 5 in Stealth
  6391 | D:7      | Found an opulent altar of Gozag.
  6477 | D:7      | Became a worshipper of Gozag Ym Sagoz the Greedy
  6498 | D:7      | Found a staircase to the Ecumenical Temple.
  6506 | Temple   | Entered the Ecumenical Temple
  6821 | D:7      | Found a basalt altar of Yredelemnul.
  7006 | Temple   | Upgraded the game from 0.31-a0-700-gf13585253f to
                  | 0.31-a0-703-gcfe89afef6
  7252 | D:8      | Reached XP level 9. HP: 41/41 MP: 10/10
  7366 | D:8      | Noticed Maggie
  7610 | D:8      | Killed Maggie
  8758 | D:8      | Reached skill level 10 in Dodging
  8919 | D:8      | Reached XP level 10. HP: 32/48 MP: 11/11
 10067 | D:9      | Found a staircase to the Lair.
 10164 | D:9      | Reached skill level 10 in Shapeshifting
 10294 | D:9      | Killed from afar by an electric eel
 10529 | D:9      | Noticed a two-headed ogre
 10545 | D:9      | Killed a two-headed ogre
 11073 | Lair:1   | Entered Level 1 of the Lair of Beasts
 11088 | Lair:1   | Noticed a cane toad
 11109 | D:9      | Mangled by a komodo dragon
 11138 | Lair:1   | Noticed a cane toad
 11145 | D:9      | Killed a cane toad
 11178 | Lair:1   | Killed a cane toad
 11476 | Lair:1   | Noticed a cane toad
 11491 | Lair:1   | Killed a cane toad
 11492 | Lair:1   | Reached XP level 11. HP: 51/51 MP: 12/12
 11700 | Lair:1   | Slain by a blink frog
 11708 | Lair:1   | Found the +15 Maxwell's patent armour {-Cast -Tele rElec
                  | Will+ rCorr}
 11978 | Lair:1   | Reached skill level 5 in Unarmed Combat
 12608 | Lair:1   | HP: 3/63 [yak (10)]
 12609 | Lair:1   | Slain by a yak

Illustrated notes

Levels and vault maps discovered:
D:1:      heliophobic_arrival_ceremonial_halls, layout_loops_ring
D:2:      layout_loops_ring
D:3:      layout_basic, uniq_grinder
D:4:      layout_basic, ebering_ghost_gozag, minmay_close_crescents
D:5:      lemuel_ratsnest, layout_loops_ring, zin_purify, serial_shops, shop,
          uniq_ijyb, uniq_menkaure
D:6:      layout_basic
D:7:      layout_gridville, nicolae_gozag_cash_rules_everything_around_me,
          lemuel_round_altar, minmay_temple_entry_mini_moons,
          kennysheep_generic_room_10
D:8:      layout_basic, uniq_maggie
D:9:      layout_cave_pods, erik_lair_island
Temple:   lightli_temple_of_artemis
Lair:1:   layout_hall_layers, st_stairs_11
Lair:2:   layout_regular_city, minmay_shoals_entry_lonely_mermaid,
          beast_lair_carwin_3, grunt_megastairs_1

Skill      XL: |  1  2  3  4  5  6  7  8  9 10 11 |
---------------+----------------------------------+-----
Fighting       | 2 3 4 5 6 8 9 |  9.6
Dodging        | 3 5 6 8 9 10 12 | 12.0
Stealth        | 1 2 5 |  5.0
Shapeshifting  | 4 5 7 9 12 | 12.0
Unarmed Combat | 6 |  6.0

Action                     |  1- 3 |  4- 6 |  7- 9 | 10-12 || total
---------------------------+-------+-------+-------+-------++-------
  Melee: Unarmed           |    71 |   137 |   458 |   278 ||   944
         Bite              |     6 |    15 |    69 |    16 ||   106
         Punch             |     3 |     4 |    10 |       ||    17
         Constrict         |       |       |       |    39 ||    39
  Evoke: Wand              |       |     5 |    15 |       ||    20
    Use: Scroll            |       |       |     9 |     1 ||    10
         Potion            |       |       |     1 |     3 ||     4
   Stab: Sleeping          |     2 |     9 |     4 |     1 ||    16
         Distracted        |       |     1 |     5 |       ||     6
 Armour: Skin              |    21 |    23 |   103 |   108 ||   255
  Dodge: Dodged            |    37 |    96 |   346 |   228 ||   707
   Form: Flux              |       |       |     1 |       ||     1
         Anaconda          |       |       |       |     1 ||     1

Table legend: (Time is in decaauts)
 A = Elapsed time spent in this place.
 B = Non-inter-level travel time spent in this place.
 C = Inter-level travel time spent in this place.
 D = Time resting spent in this place.
 E = Time spent auto-exploring this place.
 F = Levels seen in this place.
 G = Mean time per level.
                   A        B        C        D        E       F      G
               +--------+--------+--------+--------+--------+-----+--------+
         Total |  11188 |  10210 |    978 |   2780 |   4055 |  12 |  932.3 |
       Dungeon |   9683 |   8723 |    960 |   2267 |   3796 |   9 | 1075.9 |
        Temple |     38 |     38 |      0 |      0 |      0 |   1 |   38.0 |
          Lair |   1466 |   1448 |     18 |    513 |    259 |   2 |  733.0 |
               +--------+--------+--------+--------+--------+-----+--------+

Top non-repeatable levels by time:
     D:8: 1905 daAuts
     D:9: 1507 daAuts
  Lair:1: 1437 daAuts
     D:5: 1402 daAuts
     D:4: 917 daAuts
     D:7: 876 daAuts
     D:3: 873 daAuts
     D:1: 764 daAuts
     D:6: 746 daAuts
     D:2: 689 daAuts
  Temple: 38 daAuts
  Lair:2: 29 daAuts
